 Dungeon Crawl Stone Soup version 0.31-a0-167-g1c394c0614 (webtiles) character file.

Game seed: 11899057154937905743

21671 jasper the Summoner (level 12, -3/61 HPs)
             Began as a Spriggan Summoner on June 14, 2023.
             Was a Believer of the Shining One.
             Shot with an arrow by Nessos (23 damage)
             ... on level 3 of the Lair of Beasts.
             The game lasted 00:24:26 (14070 turns).

jasper the Summoner (Spriggan Summoner)            Turns: 14070, Time: 00:24:26

Health: -3/61      AC: 10    Str:  4    XL:     12   Next: 56%
Magic:  6/20       EV: 23    Int: 24    God:    the Shining One [**....]
Gold:   1530       SH:  0    Dex: 16    Spells: 5/21 levels left

rFire   + + .        E - +0 trident (venom)
rCold   . . .        (shield currently unavailable)
rNeg    + + .        I - +0 steam dragon scales
rPois   .            (helmet restricted)
rElec   .            D - +0 cloak
rCorr   +            (gloves unavailable)
SInv    +            (boots unavailable)
Will    ++...        l - amulet "Apoaclej" {Faith rF++ rN+ Int+3}
Stlth   +            v - ring of resist corrosion
HPRegen 0.30/turn    K - +4 ring of protection
MPRegen 0.17/turn

%: faith
@: glowing, very quick
A: very small, no large weapons, unfitting armour, see invisible, speed 3
a: Renounce Religion, Divine Shield


You were on level 3 of the Lair of Beasts.
You worshipped the Shining One.
The Shining One was pleased with you.
You visited 3 branches of the dungeon, and saw 15 of its levels.
You also visited: Ossuary.

You collected 1530 gold pieces.

Inventory:

Hand Weapons
 c - a +3 hand axe of freezing
 k - a +0 scimitar
 o - a +1 morningstar of protection
 C - the +1 spear of Ashenzari {freeze, rC+}
   (You found it on level 8 of the Dungeon)

   rC:        It protects you from cold.
 E - a +0 trident of venom (weapon)
Armour
 a - a +1 robe
 D - a +0 cloak (worn)
 I - +0 steam dragon scales (worn)
Jewellery
 l - the amulet "Apoaclej" (around neck) {Faith rF++ rN+ Int+3}
   (You found it on level 2 of the Dungeon)

   [amulet of faith]

   It allows you to gain divine favour quickly.
   Int:       It affects your intelligence (+3).
   rF:        It greatly protects you from fire.
   rN:        It protects you from negative energy.
 u - a +6 ring of strength
 v - a ring of resist corrosion (left hand)
 F - a ring of ice
 K - a +4 ring of protection (right hand)
 L - a ring of ice
 O - a ring of wizardry
 P - a ring of willpower
Wands
 n - a wand of light (8)
 B - a wand of roots (11)
 M - a wand of flame (11)
 N - a wand of mindburst (6)
Scrolls
 f - 6 scrolls of teleportation
 m - a scroll of silence
 w - 2 scrolls of enchant armour
 x - 5 scrolls of revelation
 y - a scroll of enchant weapon
 z - 2 scrolls of blinking
 A - 2 scrolls of fog
 G - a scroll of poison
Potions
 b - 2 potions of magic
 d - 4 potions of brilliance
 e - 2 potions of heal wounds
 g - 2 potions of enlightenment
 h - 2 potions of cancellation
 i - 2 potions of might
 j - 4 potions of attraction
 p - 3 potions of haste
 q - 2 potions of mutation
 r - 5 potions of resistance
 s - 2 potions of curing
 t - a potion of ambrosia
 H - 2 potions of lignification
Miscellaneous
 J - a phantom mirror


   Skills:
 + Level 6.1 Fighting
 + Level 10.2 Dodging
 - Level 3.0 Stealth
 - Level 5.0 Spellcasting
 - Level 2.0 Hexes
 * Level 13.2 Summonings
 - Level 5.0 Translocations
 - Level 3.0 Air Magic
 + Level 7.3 Invocations
 - Level 5.0 Evocations


You had 5 spell levels left.
You knew the following spells:

 Your Spells              Type           Power      Damage    Failure   Level
a - Summon Small Mammal   Summ           100%       N/A       1%          1
c - Call Canine Familiar  Summ           62%        N/A       1%          3
d - Summon Guardian Gole  Hex/Summ       42%        N/A       1%          3
e - Summon Lightning Spi  Summ/Air       44%        N/A       3%          4
f - Summon Forest         Summ/Tloc      24%        N/A       6%          5

Your spell library contained the following spells:

 Spells                   Type           Power      Damage    Failure   Level
 Call Imp                 Summ           100%       N/A       1%          2
 Lesser Beckoning         Tloc           60%        N/A       1%          2
 Gell's Gravitas          Tloc           30%        N/A       3%          3
 Teleport Other           Tloc           30%        N/A       3%          3
 Poisonous Vapours        Pois/Air       26%        N/A       7%          2
 Swiftness                Air            20%        N/A       8%          3
 Sting                    Tmut/Pois      24%        1d4       9%          1
 Cigotuvi's Dreadful Rot  Necr/Pois/Air  20%        N/A       9%          2
 Ensorcelled Hibernation  Hex/Ice        20%        N/A       9%          2
 Passwall                 Tmut/Erth      5%         N/A       13%         2
 Sublimation of Blood     Necr           6%         N/A       13%         2
 Ignite Poison            Fire/Tmut/Pois 6%         N/A       26%         3
 Olgreb's Toxic Radiance  Pois           6%         N/A       65%         4
 Petrify                  Tmut/Erth      6%         N/A       65%         4
 Sticky Flame             Conj/Fire      6%         2d3       65%         4
 Freezing Cloud           Conj/Ice/Air   5%         6-21      85%         5
 Irradiate                Conj/Tmut      3%         3d12      94%         5
 Summon Hydra             Summ           31%        N/A       32%         7
 Eringya's Noxious Bog    Tmut/Pois      3%         N/A       100%        6
 Ignition                 Fire           3%         3d4       100%        8


Dungeon Overview and Level Annotations

Branches:
Dungeon (11/15)            Temple (1/1) D:5            Lair (3/5) D:10
  Swamp (0/4) Lair:3          Orc (0/2) D:10        Ossuary (visited)
  Snake: Lair:2-3    Spider: Lair:2-3

Altars:
Ashenzari
Cheibriados
Dithmenos
Elyvilon
Gozag
Hepliaklqana
Kikubaaqudgha
Makhleb
Nemelex Xobeh
Okawaru
Qazlal
Ru
Sif Muna
Uskayaw
Vehumet
Wu Jian
Xom
Yredelemnul
Zin
The Shining One

Shops:
D:11 (

Annotations:
Lair:3 Nessos


Innate Abilities, Weirdness & Mutations

You are very small and have problems with some larger weapons.
You are too small for most types of armour.
You have supernaturally acute eyesight. (SInv)
You cover ground extremely quickly. (Speed+++)


Message History

Nessos casts a spell.
Nessos blinks!
You now have 5/20 mp.
Nessos shoots an arrow.
The arrow hits your guardian golem!
Nessos shoots an arrow.
The arrow hits your guardian golem! The arrow burns your guardian golem.
Nessos shoots an arrow.
The arrow hits your guardian golem.
Your guardian golem overheats!
Nessos mumbles some strange words.
Nessos blinks!
Nessos shoots an arrow.
The arrow completely misses your wolf. The arrow hits you!!
* * * LOW HITPOINT WARNING * * *
You are poisoned.
Nessos shoots an arrow.
The arrow hits your guardian golem!! The arrow burns your guardian golem.
Your guardian golem disappears in a puff of smoke!
Your guardian golem explodes!
The fiery explosion engulfs your wolf!!!
Your wolf dies!
Your wolf's corpse disappears in a puff of smoke!
You hear a bellow!
You take 19 damage, and have 15/61 hp.
MASSIVE DAMAGE!!
You feel much better.
You feel very sick.
Nessos shoots an arrow.
The arrow hits you!
* * * LOW HITPOINT WARNING * * *
The arrow burns you.
You are lethally poisoned!
* * * LOW HITPOINT WARNING * * *
Your lightning spire shoots out a bolt of lightning at Nessos!
The bolt of electricity hits Nessos!
Nessos shoots an arrow.
The arrow closely misses you.
You take 1 damage, and have 14/61 hp.
You feel better.
Nessos zaps a wand.
You resist with almost no effort.
Nessos shoots an arrow.
The arrow barely misses you.
A water moccasin comes into view.
You regained 5 hp, and now have 19/61 hp.
Nessos shoots an arrow.
The arrow hits you!!
You die...

S..## #c§.# #[.. .§§
#.## ##☼.# ####8..##
###.###...####
#....###.@...# ###
##.....###....## ..#
#.....## #.....##
..######....#
#...##.#
##..#.#.....#
##...####
##.........###.<.##
##..#.###..#....#
###########.......#
#.#...##.#..>.####.#


You could see Nessos (fast, ally target) and a friendly lightning spire
(summoned).

Vanquished Creatures
  Josephine (Lair:3)
  A death yak (Lair:2)
  2 cane toads
  A torpor snail (Lair:2)
  An unseen horror (D:10)
  3 komodo dragons (Lair:1)
  A hornet (D:9)
  A blink frog (Lair:2)
  A shadow (D:5)
  A wyvern (D:11)
  A yak (D:11)
  A steam dragon (D:9)
  A vampire mosquito (D:10)
  4 sky beasts
  3 orc warriors
  An ogre (D:6)
  A wolf (D:8)
  3 centaurs (D:10)
  A phantom (D:6)
  A kobold brigand (D:8)
  A bullfrog (Lair:3)
  A scorpion (D:4)
  A water moccasin zombie (Ossuary)
  8 killer bees
  A howler monkey (D:10)
  A hound (D:5)
  An orc priest (D:6)
  3 iguanas
  2 orc wizards
  A sleepcap (D:3)
  A mummy (Ossuary)
  2 gnolls (D:10)
  5 adders
  2 ufetubi (D:7)
  An adder zombie (Ossuary)
  A worm (D:2)
  A dart slug (D:2)
  13 orcs
  5 endoplasms
  A giant cockroach (D:1)
  8 goblins
  6 hobgoblins
  10 kobolds
  2 quokkas (D:4)
  6 ball pythons
  4 bats
  5 frilled lizards (Lair:1)
  2 hobgoblin zombies (Ossuary)
  A kobold zombie (Ossuary)
  2 orc zombies (Ossuary)
  3 rats (D:1)
131 creatures vanquished.

Vanquished Creatures (collateral kills)
  A hydra (Lair:3)
  A death yak (Lair:2)
  A boulder beetle (D:11)
  Pikel (D:7)
  An oklob plant (Lair:1)
  A cyclops (D:11)
  A cane toad (Lair:2)
  A kobold demonologist (D:11)
  2 rime drakes
  4 komodo dragons
  3 blink frogs (Lair:2)
  A shadow (D:9)
  6 wraiths
  2 vampires (D:11)
  2 wyverns
  A steam dragon (D:7)
  10 yaks
  A vampire mosquito (D:10)
  2 basilisks (Lair:1)
  Grum (D:8)
  A swamp drake (Lair:1)
  An acid dragon (D:9)
  4 water moccasins
  2 ice beasts
  A black bear (D:5)
  3 orc warriors
  3 ogres
  8 wolves
  3 lemures (D:7)
  A kobold brigand (D:9)
  7 bullfrogs
  3 gnoll sergeants
  5 scorpions
  A water moccasin zombie (Ossuary)
  17 killer bees
  8 howler monkeys
  A nameless horror (D:6)
  A hound (D:5)
  2 jellies
  An orc priest (D:7)
  A gnoll bouda (D:7)
  8 iguanas
  6 orc wizards
  A mummy (Ossuary)
  Robin (D:4)
  14 gnolls
  4 adders
  2 shadow imps
  5 adder zombies (Ossuary)
  3 worms
  A dart slug (D:5)
  14 orcs
  4 ball pythons
  A bat (D:1)
  An endoplasm (D:2)
  2 giant cockroaches
  6 gnoll zombies (Ossuary)
  6 goblins
  9 hobgoblins
  5 frilled lizards
  4 hobgoblin zombies (Ossuary)
  13 kobolds
  2 kobold zombies (Ossuary)
  7 orc zombies (Ossuary)
  2 rats
238 creatures vanquished.

Vanquished Creatures (others)
  A wyvern (D:10)
  5 yaks
  An ogre (D:6)
  A scorpion (D:6)
  2 killer bees (D:8)
  A gnoll bouda (D:4)
  Crazy Yiuf (D:5)
  2 gnolls (D:4)
  An orc (D:8)
  A quokka (D:10)
  3 snaplasher vines
19 creatures vanquished.

Grand Total: 388 creatures vanquished

Notes
Turn   | Place    | Note
-------+----------+-------------------------------------------
     0 | D:1      | jasper the Spriggan Summoner began the quest for the Orb.
     0 | D:1      | Reached XP level 1. HP: 9/9 MP: 5/5
   366 | D:1      | Found a faded altar of an unknown god.
   444 | D:1      | Reached XP level 2. HP: 13/13 MP: 4/7
   447 | D:1      | Learned a level 2 spell: Call Imp
   941 | D:2      | Reached skill level 4 in Summonings
   962 | D:2      | Reached XP level 3. HP: 16/16 MP: 6/8
   966 | D:2      | Learned a level 3 spell: Call Canine Familiar
  1181 | D:2      | Identified the amulet "Apoaclej" {Faith rF++ rN+ Int+3}
  1621 | D:3      | Reached XP level 4. HP: 14/21 MP: 5/9
  1625 | D:3      | Learned a level 3 spell: Summon Guardian Golem
  1670 | D:3      | Found a sparkling altar of Nemelex Xobeh.
  1880 | D:3      | Reached skill level 1 in Hexes
  1922 | D:3      | Found an iron altar of Okawaru.
  2014 | D:3      | Found a hazy altar of Hepliaklqana.
  2114 | D:4      | Found a sand-covered staircase.
  2156 | Ossuary  | Entered an ossuary
  2232 | Ossuary  | Reached XP level 5. HP: 24/24 MP: 3/10
  2258 | Ossuary  | Reached skill level 5 in Summonings
  2316 | Ossuary  | Reached XP level 6. HP: 16/28 MP: 2/11
  2732 | D:4      | Reached skill level 6 in Summonings
  2842 | D:4      | Noticed Robin
  2862 | D:4      | Killed Robin
  3104 | D:4      | Noticed a sky beast
  3120 | D:4      | HP: 1/28 [sky beast (5)]
  3121 | D:4      | Killed a sky beast
  3122 | D:4      | Reached skill level 7 in Summonings
  3122 | D:4      | Reached XP level 7. HP: 1/32 MP: 5/12
  3709 | D:5      | Entered Level 5 of the Dungeon
  3717 | D:5      | Found a radiant altar of Vehumet.
  3891 | D:5      | Learned a level 4 spell: Summon Lightning Spire
  3905 | D:5      | Found a basalt altar of Yredelemnul.
  3917 | D:5      | Reached skill level 1 in Air Magic
  4083 | D:5      | Noticed a shadow
  4096 | D:5      | Killed a shadow
  4145 | D:5      | Reached XP level 8. HP: 15/36 MP: 10/15
  4360 | D:5      | Found a staircase to the Ecumenical Temple.
  4508 | Temple   | Entered the Ecumenical Temple
  4663 | Temple   | Became a worshipper of the Shining One
  4766 | D:5      | Found a runed translucent door.
  4767 | D:5      | Noticed Crazy Yiuf
  4778 | D:5      | Killed Crazy Yiuf
  5056 | D:6      | Found a broken altar of Ashenzari.
  5170 | D:6      | Reached skill level 8 in Summonings
  5413 | D:6      | Reached skill level 9 in Summonings
  5981 | D:6      | Reached skill level 1 in Invocations
  5981 | D:6      | Reached XP level 9. HP: 40/40 MP: 12/16
  6268 | D:7      | Reached skill level 1 in Fighting
  6269 | D:7      | Noticed Pikel
  6269 | D:7      | Reached * piety under the Shining One
  6291 | D:7      | Killed Pikel
  6639 | D:7      | Reached skill level 10 in Summonings
  6716 | D:7      | Found an opulent altar of Gozag.
  6737 | D:7      | Reached skill level 5 in Dodging
  7451 | D:8      | Identified the +1 spear of Ashenzari {freeze, rC+}
  7823 | D:8      | Reached XP level 10. HP: 49/49 MP: 14/17
  8363 | D:8      | Reached ** piety under the Shining One
  8365 | D:8      | Noticed Grum
  8374 | D:8      | Killed Grum
  8423 | D:8      | Found a sacrificial altar of Ru.
  9202 | D:9      | Found an ancient bone altar of Kikubaaqudgha.
  9219 | D:9      | Reached skill level 11 in Summonings
  9445 | D:9      | Reached skill level 5 in Invocations
  9537 | D:9      | Found a stormy altar of Qazlal.
  9656 | D:9      | Reached skill level 1 in Evocations
 10022 | D:9      | Found a burning altar of Makhleb.
 10178 | D:10     | Entered Level 10 of the Dungeon
 10191 | D:10     | Found a white marble altar of Elyvilon.
 10215 | D:10     | Was placed under penance by the Shining One
 10234 | D:10     | Reached XP level 11. HP: 38/54 MP: 7/18
 10554 | D:10     | Found a staircase to the Lair.
 10636 | D:10     | Found a staircase to the Orcish Mines.
 10995 | D:11     | Noticed a boulder beetle
 11019 | D:11     | Killed a boulder beetle
 11097 | D:11     | Found Woneec Eteff's Antique Weapon Boutique.
 11126 | D:11     | Reached skill level 5 in Fighting
 11481 | D:11     | Identified a scroll of acquirement
 11481 | D:11     | Acquired 596 gold pieces
 11522 | Lair:1   | Entered Level 1 of the Lair of Beasts
 11679 | Lair:1   | Reached skill level 12 in Summonings
 11707 | Lair:1   | Learned a level 5 spell: Summon Forest
 11839 | Lair:1   | Reached skill level 1 in Translocations
 11972 | Lair:1   | Noticed an oklob plant
 11983 | Lair:1   | Killed an oklob plant
 12734 | Lair:2   | Was forgiven by the Shining One
 12775 | Lair:2   | Reached XP level 12. HP: 37/60 MP: 17/20
 12945 | Lair:2   | Reached skill level 5 in Spellcasting
 12949 | Lair:2   | Reached skill level 5 in Evocations
 13168 | Lair:2   | Noticed a death yak
 13169 | Lair:2   | Noticed a death yak
 13185 | Lair:2   | Killed a death yak
 13186 | Lair:2   | Reached skill level 5 in Translocations
 13197 | Lair:2   | Killed a death yak
 13537 | Lair:3   | Noticed Josephine
 13553 | Lair:3   | Killed Josephine
 13554 | Lair:3   | Reached skill level 13 in Summonings
 13568 | Lair:3   | Reached skill level 10 in Dodging
 13703 | Lair:3   | Found a staircase to the Swamp.
 13738 | Lair:3   | Noticed a five-headed hydra
 13769 | Lair:3   | Killed a five-headed hydra
 14055 | Lair:3   | Noticed Nessos
 14070 | Lair:3   | Shot with an arrow by Nessos

Illustrated notes

Levels and vault maps discovered:
D:1:      psy_arrival_basics, layout_basic, basic_ecumenical_altar,
          minmay_tromino_v4_b
D:2:      minmay_door_path, layout_rooms, hangedman_decor_diamond_cutter
D:3:      layout_rooms, nzn_hepliaklqana_mist_gate,
          mainiacjoe_overflow_alcove_4, general_overflow_altar
D:4:      layout_loops_corners, nicolae_ossuary_entry_monument, uniq_robin
D:5:      layout_rooms, amcnicky_altar_gilded, mainiacjoe_overflow_tiny_flanked,
          minmay_temple_entry_glassed_door, serial_bayou_pond_c,
          minmay_starry_boxes, uniq_crazy_yiuf_cottage
D:6:      layout_basic, ashenzari_conservatory_becter, grunt_ministairs_12,
          kennysheep_boxes
D:7:      layout_cave_pools, overflow_temple_1_default, uniq_pikel
D:8:      corexii_shack_village, layout_layer_cave,
          nicolae_ru_sacrificial_ziggurat, uniq_grum
D:9:      layout_irregular_city, nicolae_qazlal_eye_of_the_storm,
          lightli_temple_of_fire, mainiacjoe_overflow_catwalk,
          nicolae_overflow_hidden_temple, minmay_tree_intersection
D:10:     layout_big_octagon, elyvilon_altar_4, lair_entry_dummy, david_orc_2,
          minmay_misc_feat_columns
D:11:     layout_cave_pools, serial_shops, nicolae_diamond_shop
Temple:   hellmonk_temple_flake
Lair:1:   lemuel_reptile_caves, layout_chaotic_city,
          grunt_forest_small_clearings
Lair:2:   layout_cave_shapes, pdpol_lair_neglected_garden,
          small_statue_intersection
Lair:3:   layout_layer_cave, swamp_mist, guppyfry_snake_entry_island,
          uniq_nessos, uniq_josephine

Skill      XL: |  1  2  3  4  5  6  7  8  9 10 11 12 |
---------------+-------------------------------------+-----
Spellcasting   | 3 4 5 |  5.0
Summonings     | 4 5 7 9 10 11 12 13 | 13.2
Hexes          | 1 2 |  2.0
Air Magic      | 3 |  3.0
Dodging        | 3 5 7 9 10 | 10.2
Invocations    | 1 3 5 6 7 |  7.3
Fighting       | 3 4 5 6 |  6.1
Evocations     | 2 4 5 |  5.0
Translocations | 4 5 |  5.0
Stealth        | |  3.0

Action                     |  1- 3 |  4- 6 |  7- 9 | 10-12 || total
---------------------------+-------+-------+-------+-------++-------
  Melee: Hand axe          |    69 |   110 |   103 |       ||   282
         Unarmed           |     1 |       |       |       ||     1
         Punch             |       |     1 |     4 |       ||     5
         Spear             |       |       |     5 |       ||     5
         Trident           |       |       |     1 |   202 ||   203
   Cast: Summon Small Mamm |    12 |       |       |       ||    12
         Call Imp          |     9 |    10 |     1 |       ||    20
         Call Canine Famil |     2 |    18 |    25 |    27 ||    72
         Summon Guardian G |       |       |    13 |     8 ||    21
         Summon Lightning  |       |       |    10 |    51 ||    61
         Summon Forest     |       |       |       |     5 ||     5
  Evoke: Wand              |       |       |     3 |     3 ||     6
    Use: Scroll            |     9 |     4 |     5 |     7 ||    25
         Potion            |       |       |     1 |     6 ||     7
   Stab: Sleeping          |     6 |     1 |     1 |       ||     8
         Distracted        |       |     1 |       |       ||     1
 Armour: Robe              |     8 |    27 |    12 |     9 ||    56
         Steam dragon scal |       |       |       |    21 ||    21
  Dodge: Dodged            |    61 |    75 |   124 |   269 ||   529

Table legend: (Time is in decaauts)
 A = Elapsed time spent in this place.
 B = Non-inter-level travel time spent in this place.
 C = Inter-level travel time spent in this place.
 D = Time resting spent in this place.
 E = Time spent auto-exploring this place.
 F = Levels seen in this place.
 G = Mean time per level.
                   A        B        C        D        E       F      G
               +--------+--------+--------+--------+--------+-----+--------+
         Total |  10886 |  10656 |    230 |    444 |   7691 |  16 |  680.4 |
       Dungeon |   8366 |   8166 |    200 |    408 |   5953 |  11 |  760.5 |
        Temple |    101 |     86 |     15 |      0 |     78 |   1 |  101.0 |
          Lair |   2089 |   2074 |     15 |     36 |   1540 |   3 |  696.3 |
       Ossuary |    329 |    329 |      0 |      0 |    119 |   1 |  329.0 |
               +--------+--------+--------+--------+--------+-----+--------+

Top non-repeatable levels by time:
     D:8: 1378 daAuts
     D:6: 1040 daAuts
     D:4: 1034 daAuts
  Lair:1: 896 daAuts
     D:7: 870 daAuts
     D:9: 827 daAuts
  Lair:2: 749 daAuts
     D:5: 732 daAuts
     D:1: 655 daAuts
    D:11: 524 daAuts
     D:2: 498 daAuts
    D:10: 482 daAuts
  Lair:3: 444 daAuts
 Ossuary: 329 daAuts
     D:3: 319 daAuts
